AoeStats
← Reis

Nomad

506616155Analyzed
4v4 RM · 19d ago on Sep 14, 2026· 27m 14s· 8 players
Game mode
Random Map
Map size
231×231
Population
200
Speed
Normal
Resources
Standard
Victory
Conquest
Starting age
Dark Age
Ending age
Imperial Age
RankedLock teamsTeams togetherTeam positionsShared explorationLock speedFull tech treeHidden civsTurbo modeCheats
Victory
Defeat
🇷🇺 Burmese · Russia
1323
+17
🇩🇪 Vikings · Germany
1313
+17
🇨🇭 Bulgarians · Switzerland
1309
+17
🇪🇸 Dravidians · Spain
1246
+20
🇺🇸 Berbers · United States
1366
-19
🇮🇳 Britons · India
1333
-18
🇳🇿 Japanese · New Zealand
1321
-17
🇨🇳 Huns · China
1308
-17
Reis
7:15 Loom
13:20 Feudal Age
18:13 Castle Age
17:10 Scale Barding Armor
16:56 Fletching
18:50 Bodkin Arrow
24:00 Husbandry
Murschann
5:02 Loom
13:37 Feudal Age
14:18 Double-Bit Axe
15:35 Fishing Lines
15:59 Fletching
23:25 Castle Age
24:11 Bodkin Arrow
24:37 Bow Saw
ryzenvelos
4:15 Loom
13:36 Feudal Age
17:28 Castle Age
16:01 Fletching
16:43 Double-Bit Axe
18:30 Medium Warships
18:20 Bodkin Arrow
18:44 Bow Saw
19:39 Wheelbarrow
18:52 Town Watch
23:29 Hand Cart
23:49 Gold Mining
23:50 Stone Mining
25:22 Stone Mining
26:44 Ballistics
27:13 Padded Archer Armor
KASPER
6:35 Loom
14:08 Feudal Age
20:24 Castle Age
19:54 Fletching
20:45 Padded Archer Armor
22:26 Bloodlines
22:16 Husbandry
23:14 Husbandry
24:11 Scale Barding Armor
25:57 Chain Barding Armor
26:06 Forging
Hurin
11:06 Loom
13:22 Feudal Age
17:38 Castle Age
16:10 Double-Bit Axe
18:29 Bow Saw
19:15 Fletching
19:20 Gold Mining
20:51 Wheelbarrow
21:12 Wheelbarrow
21:14 Bodkin Arrow
21:10 Horse Collar
Far King Noob
3:14 Loom
13:19 Feudal Age
14:59 Gold Mining
19:15 Castle Age
17:28 Fishing Lines
18:35 Double-Bit Axe
वीर
7:51 Loom
13:57 Feudal Age
16:13 Double-Bit Axe
16:54 Town Watch
20:54 Castle Age
21:28 Crossbowman
不会讲英文
4:42 Loom
14:25 Feudal Age
18:19 Castle Age
16:08 Double-Bit Axe
17:29 Fletching
17:40 Padded Archer Armor
19:11 Bloodlines
19:15 Gold Mining
Connection lost

Rejoining the realm…

Still unreachable

The connection could not be restored.

Session expired

The server has moved on; the page needs a fresh start.